 Seeded DCSS version 0.30-a0-916-g9813417 (webtiles) character file.

Game seed: 6546189548720569497 (custom seed)

35 Ayyar the Charlatan (level 3, 0/19 (26) HPs)
             Began as a Draconian Wanderer on Apr 17, 2023.
             Slain by a goblin
             ... wielding a +0 club
             ... led by Robin
              (5 damage)
             ... on level 2 of the Dungeon.
             The game lasted 00:12:08 (1269 turns).

Ayyar the Charlatan (Draconian Wanderer)            Turns: 1269, Time: 00:12:08

HP:   0/19 (26)     AC:  6    Str: 13    XL:     3   Next: 16%
MP:   5/6           EV: 11    Int: 15    God:
Gold: 53            SH:  0    Dex: 10    Spells: 5/6 levels left

rFire   . . .      SeeInvis .    n - staff of cold
rCold   + . .      Faith    .    (no shield)
rNeg    . . .      Spirit   .    (body armour unavailable)
rPois   .          Reflect  .    (helmet restricted)
rElec   .          Rampage  .    (no cloak)
rCorr   .                        (no gloves)
Will    .....                    l - +0 pair of boots
Stlth   +                        (no amulet)
HPRegen 0.23/turn                (no ring)
MPRegen 0.10/turn                (no ring)

@: very heavily drained
A: AC +5, unfitting armour, cold-blooded
a: no special abilities


You were on level 2 of the Dungeon.
You visited 1 branch of the dungeon, and saw 2 of its levels.

You collected 53 gold pieces.

Inventory:

Hand Weapons
 h - a +0 whip
Armour
 l - a +0 pair of boots (worn)
Magical Staves
 n - a staff of cold (weapon)
 q - a staff of poison
Wands
 c - a wand of polymorph (5) (quivered)
Scrolls
 d - a scroll of enchant armour {unknown}
 i - a scroll of noise {unknown}
 j - 2 scrolls of identify {unknown}
 k - 2 scrolls of teleportation {unknown}
 p - a scroll of torment {unknown}
Potions
 a - 2 potions of degeneration {unknown}
 b - a potion of might
 e - 2 potions of curing
 f - a potion of brilliance {unknown}
 g - a potion of mutation {unknown}
 m - a potion of lignification {unknown}
 o - a potion of invisibility {unknown}


   Skills:
 + Level 1.0 Stealth
 * Level 2.4 Spellcasting
 + Level 3.0 Hexes
 + Level 2.3 Transmutations
 + Level 3.2 Evocations


You had 5 spell levels left.
You knew the following spells:

 Your Spells              Type           Power      Damage    Failure   Level
a - Slow                  Hex            40%        N/A       6%          1

Your spell library contained the following spells:

 Spells                   Type           Power      Damage    Failure   Level
 Beastly Appendage        Tmut           16%        N/A       9%          1
 Confusing Touch          Hex            10%        N/A       19%         3
 Tukima's Dance           Hex            10%        N/A       19%         3
 Ignite Poison            Fire/Tmut/Pois 4%         N/A       43%         3


Dungeon Overview and Level Annotations

Branches:
Dungeon (2/15)

Altars:

Shops:
D:2 [

Annotations:
D:2 Robin


Innate Abilities, Weirdness & Mutations

Your plain brown scales are hard. (AC +5)
You cannot fit into any form of body armour.
You are cold-blooded and may be slowed by cold attacks.


Message History

Confirm with . or Enter, or press ? or * to list all spells.
Aiming: Slow (safe; 6% risk of failure)
Press: ? - help, Shift-Dir - straight line, f/p - hobgoblin
Aim: a hobgoblin, wielding a +0 dagger (moderately wounded, slow, chance to affect: 62%)
The hobgoblin seems to slow down.
The goblin shouts!
The hobgoblin barely misses you.
You barely miss the hobgoblin.
The hobgoblin is moderately wounded.
Robin roars a battlecry!
The goblins go into a battle-frenzy!
You hit the hobgoblin but do no damage.
The hobgoblin is moderately wounded.
The hobgoblin barely misses you.
You hit the hobgoblin.
The hobgoblin is almost dead.
Robin throws the goblin at you! The goblin hits you with a +0 club.
The hobgoblin hits you but does no damage.
You barely miss the goblin. The goblin hits you with a +0 club.
The hobgoblin closely misses you.
You hit the goblin.
The goblin is severely wounded.
The goblin misses you. The goblin closely misses you.
You hit the goblin.
You kill the goblin!
The hobgoblin barely misses you.
Items here: )) ††.
Robin throws the goblin at you! The goblin hits you but does no damage.
The goblin throws a stone.
The stone hits you. The goblin attacks as you move away!
The goblin hits you but does no damage. The goblin barely misses you.
The goblin throws a stone.
The stone closely misses you.
The stone hits the plant.
The plant begins to die.
Robin throws the goblin at you!
* * * LOW HITPOINT WARNING * * *
The goblin closely misses you.
The goblin throws a stone.
The stone closely misses you.
The stone misses the goblin.
The goblin hits you with a +0 club.
You die...

#..)##.# #....# . #..##.#
####....#
.###..##.#######.......###
..............##.........#
.#.#†###.###.............#
.#.#.# #.# #.###.........#
...#.# #.# #<##........#
.###)###.# #..))gPP†...###
.........# #####@.∩P.....#
.###.##### ####...gP..##.#
## #... ........g.## # #
##### #####...#)# #
#.#g#g# # #.#.#.# #
#.#.#.g . #....#.# # ...
.#


You could see a hobgoblin (strong, slow) and 3 goblins.

Vanquished Creatures
  3 dart slugs
  5 ball pythons
  An endoplasm (D:1)
  6 goblins (D:2)
  2 hobgoblins
  5 kobolds
  2 bats
  A frilled lizard (D:1)
  4 rats (D:1)
29 creatures vanquished.

Vanquished Creatures (others)
  3 plants (D:2)
3 creatures vanquished.

Grand Total: 32 creatures vanquished

Notes
Turn   | Place    | Note
-------+----------+-------------------------------------------
     0 | D:1      | Ayyar the Draconian Wanderer began the quest for the Orb.
     0 | D:1      | Ayyar set off with the following items: a +0 club, a potion
                  | of might, a wand of polymorph (6); and the following spells
                  | available to memorise: Slow, Beastly Appendage, Confusing
                  | Touch, Tukima's Dance, Ignite Poison.
     0 | D:1      | Reached XP level 1. HP: 14/14 MP: 3/3
    68 | D:1      | Learned a level 1 spell: Slow
   390 | D:1      | Found a faded altar of an unknown god.
   500 | D:1      | Reached XP level 2. HP: 20/20 MP: 3/5
  1087 | D:2      | Noticed Jessica
  1089 | D:2      | Jessica changed into Jessica the ball python
  1089 | D:2      | Noticed Jessica
  1093 | D:2      | Killed Jessica the ball python
  1166 | D:2      | Found Rinunt's Antique Armour Shoppe.
  1220 | D:2      | Reached XP level 3. HP: 19/19 MP: 3/6
  1222 | D:2      | Reached skill level 1 in Stealth
  1253 | D:2      | Noticed Robin
  1269 | D:2      | Slain by a goblin

Illustrated notes

Levels and vault maps discovered:
D:1:      beargit_arrival_diablo_church, layout_loops_ring,
          nicolae_ecumenical_snake_handling, minmay_tetromino_t4
D:2:      layout_loops_ring, serial_shops, nicolae_shop_overgrown_old_shop,
          serial_bayou, serial_bayou_crossing, serial_bayou_ford_a,
          serial_bayou_shore_a, serial_bayou_pond_a, uniq_crazy_yiuf_cottage,
          uniq_robin, uniq_jessica

Skill      XL: |  1  2  3 |
---------------+----------+-----
Stealth        | 1 |  1.0
Hexes          | 3 |  3.0
Spellcasting   | |  2.4
Transmutations | |  2.3
Evocations     | |  3.2

Action                     || total
---------------------------++-------
  Melee: Whip              ||    26
         Club              ||     7
         Tailslap          ||    17
         Staff             ||    95
   Cast: Slow              ||    29
  Evoke: Wand              ||     1
    Use: Potion            ||     1
 Armour: Skin              ||    52
  Dodge: Dodged            ||    74

Table legend: (Time is in decaauts)
 A = Elapsed time spent in this place.
 B = Non-inter-level travel time spent in this place.
 C = Inter-level travel time spent in this place.
 D = Time resting spent in this place.
 E = Time spent auto-exploring this place.
 F = Levels seen in this place.
 G = Mean time per level.
                   A        B        C        D        E       F      G
               +--------+--------+--------+--------+--------+-----+--------+
         Total |   1291 |   1235 |     56 |     46 |    811 |   2 |  645.5 |
       Dungeon |   1291 |   1235 |     56 |     46 |    811 |   2 |  645.5 |
               +--------+--------+--------+--------+--------+-----+--------+

Top non-repeatable levels by time:
     D:1: 1077 daAuts
     D:2: 214 daAuts
